 Dungeon Crawl Stone Soup version 0.31-a0-931-g7b59d4eb97 (webtiles) character file.

Game seed: 3712513009092786696

491 Persephone the Ruffian (level 6, -3/54 HPs)
             Began as a Troll Shapeshifter on Oct 19, 2023.
             Was an Initiate of Ru.
             Slain by a white imp (5 damage)
             ... summoned by Eustachio
             ... on level 4 of the Dungeon.
             The game lasted 00:04:58 (1995 turns).

Persephone the Ruffian (Troll Shapeshifter)         Turns: 1995, Time: 00:04:58

Health: -3/54      AC:  4    Str: 22 (25) XL:     6   Next: 91%
Magic:  5/5        EV:  9    Int:  3 (6)  God:    Ru [......]
Gold:   213        SH:  0    Dex:  9      Spells: 5/5 levels left

rFire   . .          .
                       - Unarmed
rCold   . . .        (no shield)
rNeg    . . .        a - +0 animal skin
rPois   .            (helmet currently unavailable)
rElec   .            (cloak currently unavailable)
rCorr   .            (gloves unavailable)
SInv    .            (boots unavailable)
Will    .....        (no amulet)
Stlth   +            (no ring)
HPRegen 1.09/turn    (no ring)
MPRegen 0.09/turn

%: no passive effects
@: beast-form
A: beast (slay +3), large, unfitting armour, claws 3, regeneration 1, shaggy fur
1, tough skin 1
a: Begin Untransformation, Renounce Religion


You were on level 4 of the Dungeon.
You worshipped Ru.
Ru was noncommittal.
You were a hulking beast.
You visited 1 branch of the dungeon, and saw 4 of its levels.

You collected 213 gold pieces.

Inventory:

Armour
 a - a +0 animal skin (worn)
Jewellery
 e - a ring of wizardry
Talismans
 c - a beast talisman (active)
 d - a flux talisman
Wands
 n - a wand of mindburst (15)
Scrolls
 j - a scroll of immolation
 l - 2 scrolls of enchant weapon {unknown}
 m - 2 scrolls of revelation {unknown}
 o - 2 scrolls of identify {unknown}
Potions
 b - a potion of lignification


   Skills:
 - Level 0.7 Fighting
 - Level 1.5 Dodging
 + Level 5.9 Unarmed Combat
 + Level 5.5 Shapeshifting


You had 5 spell levels left.
You didn't know any spells.
Your spell library contained the following spells:

 Spells                   Type           Power      Damage    Failure   Level
 Cigotuvi's Dreadful Rot  Necr/Pois/Air  0%         N/A       67%         2
 Lesser Beckoning         Tloc           0%         N/A       67%         2
 Gell's Gravitas          Tloc           0%         N/A       88%         3
 Ignite Poison            Fire/Tmut/Pois 0%         N/A       88%         3
 Teleport Other           Tloc           0%         N/A       88%         3
 Freezing Cloud           Conj/Ice/Air   0%         6-21      100%        5


Dungeon Overview and Level Annotations

Branches:
Dungeon (4/15)             Temple (0/1) D:4

Altars:
Ru

Annotations:
D:4 1 runed translucent door, Eustachio


Innate Abilities, Weirdness & Mutations

You are a hulking beast.
Your limbs bulge with bestial killing power. (Slay +3)
You are too large for most types of armour.
You have claws for hands.
Your natural rate of healing is unusually fast.
You are covered in fur. (AC +1)
You have tough skin. (AC +1)


Message History

You are too injured to fight recklessly!
You are too injured to fight recklessly!
You are too injured to fight recklessly!
You are too injured to fight recklessly!
You are too injured to fight recklessly!
You are too injured to fight recklessly!
You are too injured to fight recklessly!
You are too injured to fight recklessly!
You barely miss Eustachio.
Eustachio gestures wildly while chanting.
You barely miss Eustachio.
The rat disappears in a puff of smoke!
The white imp hits you but does no damage.
Eustachio hits you with a +0 rapier.
You claw Eustachio!
Eustachio is moderately wounded.
The river rat closely misses you. The white imp closely misses you.
The iron imp hits you! Eustachio barely misses you.
You barely miss Eustachio. You claw Eustachio!
Eustachio is severely wounded.
The river rat bites you. The white imp gestures at you.
The puff of frost hits you. The iron imp barely misses you.
Eustachio hits you with a +0 rapier.
You scratch Eustachio.
Eustachio is almost dead.
The river rat bites you!
* * * LOW HITPOINT WARNING * * *
The white imp closely misses you. The quokka barely misses you.
Eustachio hits you with a +0 rapier.
* * * LOW HITPOINT WARNING * * *
You closely miss Eustachio.
Eustachio is almost dead.
The iron imp hits you!
* * * LOW HITPOINT WARNING * * *
The quokka bites you but does no damage.
The river rat bites you but does no damage.
The white imp hits you.
* * * LOW HITPOINT WARNING * * *
The white imp freezes you.
You die...

####. #....>##.#
....# #.#...##.#
.....###....##.# ##
#...#...#..# ...
#.....#.....#
#..#####.>.#####..#
#.....#...).#.....#
#..#rr.#..)# #.#
#.r5h.###.)....?.
#.#@5#.#.#.....##
...r5..#. .....#
#........#. .......
#......#... ...!.#.
#......##.# .....#
[.......#### .....#
.....####


You could see Eustachio, an iron imp (summoned), a river rat (summoned), 2 white
imps, 2 quokkas and a rat (summoned).

Vanquished Creatures
  Sigmund (D:2)
  Pargi (D:3)
  Natasha (thrice) (D:2)
  Robin (D:2)
  4 gnolls (D:4)
  2 adders (D:2)
  A worm (D:2)
  2 dart slugs
  7 orcs (D:4)
  9 endoplasms
  4 giant cockroaches (D:3)
  14 goblins
  6 hobgoblins
  7 jackals (D:2)
  6 kobolds
  A quokka (D:2)
  9 ball pythons
  3 bats
  4 frilled lizards
  6 rats
91 creatures vanquished.

Notes
Turn   | Place    | Note
-------+----------+-------------------------------------------
     0 | D:1      | Persephone the Troll Shapeshifter began the quest for the
                  | Orb.
     0 | D:1      | Reached XP level 1. HP: 18/18 MP: 0/0
   141 | D:1      | Reached XP level 2. HP: 26/26 MP: 1/1
   467 | D:2      | Reached XP level 3. HP: 32/32 MP: 2/2
   469 | D:2      | Found a sacrificial altar of Ru.
   478 | D:2      | Became a worshipper of Ru the Awakened
   522 | D:2      | Noticed Natasha
   535 | D:2      | Killed Natasha
   536 | D:2      | Reached XP level 4. HP: 20/40 MP: 3/3
   590 | D:2      | Noticed Sigmund
   600 | D:2      | Killed Sigmund
   601 | D:2      | Reached skill level 5 in Unarmed Combat
   601 | D:2      | Reached XP level 5. HP: 29/46 MP: 4/4
   845 | D:2      | Noticed Natasha
   852 | D:2      | Killed Natasha
   876 | D:2      | Noticed Natasha
   882 | D:2      | Killed Natasha
   883 | D:2      | Reached skill level 5 in Shapeshifting
   883 | D:2      | Reached XP level 6. HP: 42/54 MP: 5/5
   964 | D:2      | Found a faded altar of an unknown god.
  1005 | D:2      | Noticed Robin
  1028 | D:2      | Killed Robin
  1859 | D:4      | Found a runed translucent door.
  1859 | D:4      | Noticed Pargi
  1926 | D:3      | Killed Pargi
  1971 | D:4      | Found a staircase to the Ecumenical Temple.
  1980 | D:4      | Noticed Eustachio
  1995 | D:4      | HP: 2/54 [white imp[Eustachio] (1)]
  1995 | D:4      | Slain by a white imp

Illustrated notes

Levels and vault maps discovered:
D:1:      wheals_arrival_shading, layout_basic
D:2:      layout_basic, basic_altar, basic_ecumenical_altar, minmay_tall_x,
          uniq_robin, uniq_sigmund, uniq_natasha
D:3:      layout_loops_ring
D:4:      layout_basic, minmay_temple_entry_arrows, ebering_ghost_sewer_d,
          serial_shops, nicolae_shop_drivethru, uniq_eustachio, uniq_pargi

Skill      XL: |  1  2  3  4  5 |
---------------+----------------+-----
Unarmed Combat | 4 5 |  5.9
Shapeshifting  | 4 5 |  5.5
Fighting       | |  0.7
Dodging        | |  1.5

Action                     |  1- 3 |  4- 6 || total
---------------------------+-------+-------++-------
  Melee: Unarmed           |    62 |   138 ||   200
         Punch             |     1 |     4 ||     5
 Invoke: Reject Sacrifices |       |     1 ||     1
    Use: Scroll            |       |     7 ||     7
         Potion            |       |     4 ||     4
   Stab: Sleeping          |     1 |     1 ||     2
 Armour: Animal skin       |    33 |   149 ||   182
  Dodge: Dodged            |    34 |    88 ||   122

Table legend: (Time is in decaauts)
 A = Elapsed time spent in this place.
 B = Non-inter-level travel time spent in this place.
 C = Inter-level travel time spent in this place.
 D = Time resting spent in this place.
 E = Time spent auto-exploring this place.
 F = Levels seen in this place.
 G = Mean time per level.
                   A        B        C        D        E       F      G
               +--------+--------+--------+--------+--------+-----+--------+
         Total |   1999 |   1909 |     90 |      0 |   1455 |   4 |  499.8 |
       Dungeon |   1999 |   1909 |     90 |      0 |   1455 |   4 |  499.8 |
               +--------+--------+--------+--------+--------+-----+--------+

Top non-repeatable levels by time:
     D:2: 826 daAuts
     D:3: 670 daAuts
     D:1: 406 daAuts
     D:4: 95 daAuts
